 Dungeon Crawl Stone Soup version 0.30.1-9-gdf580d7c3d (webtiles) character file.

Game seed: 4887117119057190724

508 arthad the Sneak (level 6, -1/30 HPs)
             Began as a Spriggan Earth Elementalist on Oct 17, 2023.
             Was a Follower of Sif Muna.
             Slain by a vampire (14 damage)
             ... on level 4 of the Dungeon.
             The game lasted 00:09:31 (4003 turns).

arthad the Sneak (Spriggan Earth Elementalist)      Turns: 4003, Time: 00:09:32

Health: -1/30      AC:  2    Str:  4    XL:     6   Next: 98%
Magic:  13/13      EV: 19    Int: 19    God:    Sif Muna [*.....]
Gold:   237        SH:  0    Dex: 15    Spells: 7/13 levels left

rFire   + . .        q - +9 dagger "Fiewn" {spect, rF+ Will- Stlth+}
rCold   . . .        (no shield)
rNeg    . . .        a - +0 robe
rPois   .            (helmet restricted)
rElec   .            (no cloak)
rCorr   .            (gloves unavailable)
SInv    +            (boots unavailable)
Will    .....        t - amulet of the acrobat
Stlth   ++++         (no ring)
HPRegen 0.25/turn    (no ring)
MPRegen 0.13/turn

%: acrobat
@: mighty, very quick
A: very small, no large weapons, unfitting armour, see invisible, speed 3
a: Renounce Religion, Channel Magic


You were on level 4 of the Dungeon.
You worshipped Sif Muna.
Sif Muna was aware of your devotion.
You visited 2 branches of the dungeon, and saw 6 of its levels.

You collected 237 gold pieces.

Inventory:

Hand Weapons
 f - a +0 short sword of speed
 i - a +0 short sword of venom
 q - the +9 dagger "Fiewn" (weapon) {spect, rF+ Will- Stlth+}
   (You found it on level 3 of the Dungeon)

   rF:        It protects you from fire.
   Will:      It decreases your willpower.
   Stlth:     It makes you more stealthy.
Missiles
 e - 13 poisoned darts
 h - a throwing net
 p - 2 boomerangs
Armour
 a - a +0 robe (worn)
Jewellery
 t - an amulet of the acrobat (around neck)
Scrolls
 c - 7 scrolls of identify {unknown}
 d - 3 scrolls of fog {unknown}
 g - 2 scrolls of poison {unknown}
 j - a scroll of noise {unknown}
 k - a scroll of enchant armour {unknown}
 l - a scroll of blinking {unknown}
 m - a scroll of fear {unknown}
 o - a scroll of summoning {unknown}
 r - 2 scrolls of amnesia {unknown}
 s - a scroll of teleportation {unknown}
 u - a scroll of enchant weapon {unknown}
Potions
 b - a potion of magic
 n - 2 potions of might


   Skills:
 + Level 1.4 Fighting
 * Level 4.7 Dodging
 * Level 5.4 Stealth
 * Level 4.3 Spellcasting
 + Level 1.3 Conjurations
 * Level 4.0 Transmutations
 * Level 3.8 Earth Magic
 + Level 0.0 Invocations


You had 7 spell levels left.
You knew the following spells:

 Your Spells              Type           Power      Damage    Failure   Level
a - Sandblast             Erth           36%        2d10      2%          1
b - Passwall              Tmut/Erth      15%        N/A       4%          2
c - Stone Arrow           Conj/Erth      26%        3d8       14%         3

Your spell library contained the following spells:

 Spells                   Type           Power      Damage    Failure   Level
 Magic Dart               Conj           36%        1d4       8%          1
 Call Imp                 Summ           8%         N/A       21%         2
 Petrify                  Tmut/Erth      19%        N/A       26%         4
 Mephitic Cloud           Conj/Pois/Air  5%         N/A       32%         3
 Animate Armour           Summ/Erth      22%        N/A       52%         4
 Lehudib's Crystal Spear  Conj/Erth      6%         10d3      100%        8


Dungeon Overview and Level Annotations

Branches:
Dungeon (5/15)             Temple (1/1) D:4

Altars:
Ashenzari
Cheibriados
Dithmenos
Elyvilon
Fedhas
Gozag
Nemelex Xobeh
Okawaru
Qazlal
Ru
Sif Muna
Trog
Uskayaw
Xom
Yredelemnul
Zin
The Shining One


Innate Abilities, Weirdness & Mutations

You are very small and have problems with some larger weapons.
You are too small for most types of armour.
You have supernaturally acute eyesight. (SInv)
You cover ground extremely quickly. (Speed+++)


Message History

The endoplasm is severely wounded.
The endoplasm quivers.
The blast of sand hits the endoplasm.
You kill the endoplasm!
Sif Muna accepts your kill.
You can now call upon Sif Muna for magical energy.
You can't see any susceptible monsters within range! (Use Z to cast anyway.)
You now have 232 gold pieces (gained 10).
You now have 237 gold pieces (gained 5).
You open the door.
Found a shimmering altar of Xom.
There is a stone staircase leading up here.
You see here a +0 club.
Things that are here:
a +2 dagger of speed; a +0 leather armour Done exploring.
Done exploring.
(D) Dungeon (T) Temple
Where to? (Enter - Temple @ (x,y), ? - help)
There is a stone staircase leading down here.
You climb downwards.
Found a trident, a transparent dagger and a scroll labelled ITISIO EXOYC.
Found a stone staircase leading up.
There is a stone staircase leading up here.
A vampire is nearby!
The vampire points at you and mumbles some strange words.
You are confused.
In your confused state, you trip and fall back down the stairs.
The vampire hits you. The vampire bites you!
The vampire draws strength from your injuries!
You climb upwards.
There is a stone staircase leading down here.
You are too confused!
You feel very mighty all of a sudden. The vampire closely misses you.
The vampire bites you.
The vampire draws strength from your injuries!
You bump into the rock wall.
You feel less confused. The vampire hits you!
You die...

#≈≈≈≈#......#....<...............
######......#....................
............#......).....÷..#....
#####.......##.............##....
##.......##.....#.....###....
#####.....#....#####)....##)
###.#..#....###)......#.
#.#...........).......
#...V@.....#.........#
####.#...÷..#.........#
#....#......#.........#
#.##..................#
#..##....###...........
##..##....###..........
##.##.#....#..........
#....#............<..
#...)................


You could see a vampire.

Vanquished Creatures
  Sigmund (D:2)
  A scorpion (D:4)
  A sleepcap (D:5)
  An iguana (D:5)
  An orc wizard (D:4)
  10 adders
  2 worms
  2 dart slugs
  9 orcs
  10 endoplasms
  5 giant cockroaches
  8 goblins
  7 hobgoblins
  6 jackals (D:1)
  10 kobolds
  4 quokkas
  10 ball pythons
  6 bats
  4 frilled lizards
  10 rats
108 creatures vanquished.

Notes
Turn   | Place    | Note
-------+----------+-------------------------------------------
     0 | D:1      | arthad the Spriggan Earth Elementalist began the quest for
                  | the Orb.
     0 | D:1      | Reached XP level 1. HP: 9/9 MP: 5/5
   169 | D:1      | Reached XP level 2. HP: 13/13 MP: 2/6
   328 | D:1      | Found a faded altar of an unknown god.
   646 | D:1      | Reached XP level 3. HP: 16/16 MP: 1/8
  1028 | D:2      | Learned a level 2 spell: Passwall
  1032 | D:2      | Learned a level 3 spell: Stone Arrow
  1220 | D:2      | Noticed Sigmund
  1481 | D:2      | Reached XP level 4. HP: 21/21 MP: 7/9
  1694 | D:2      | Killed Sigmund
  1695 | D:2      | Reached skill level 1 in Fighting
  1695 | D:2      | Reached skill level 4 in Stealth
  1695 | D:2      | Reached skill level 1 in Conjurations
  1695 | D:2      | Reached XP level 5. HP: 14/25 MP: 0/11
  2024 | D:3      | Identified the +9 dagger "Fiewn" {spect, rF+ Will- Stlth+}
  2129 | D:3      | Reached XP level 6. HP: 30/30 MP: 7/12
  2965 | D:4      | Reached skill level 5 in Stealth
  2967 | D:4      | You fall into a shaft and drop 1 floor!
  2967 | D:5      | Entered Level 5 of the Dungeon
  3105 | D:4      | Found a staircase to the Ecumenical Temple.
  3122 | Temple   | Entered the Ecumenical Temple
  3343 | Temple   | Became a worshipper of Sif Muna the Loreminder
  3851 | D:4      | Found a hide-covered altar of Uskayaw.
  3897 | D:4      | Reached * piety under Sif Muna
  3925 | D:4      | Found a shimmering altar of Xom.
  3997 | D:5      | Noticed a vampire
  4003 | D:4      | Slain by a vampire

Illustrated notes

Levels and vault maps discovered:
D:1:      dpeg_arrival_tiny_c, layout_loops_ring,
          hellmonk_ecumenical_altar_run_dry, minmay_indecisive_spiral
D:2:      layout_loops_cross, uniq_sigmund
D:3:      layout_basic, guppyfry_early_orc_mine
D:4:      layout_rooms, kennysheep_mini, general_overflow_altar,
          minmay_temple_entry_ruins
D:5:      layout_loops_ring, amcnicky_mini_pool_small
Temple:   bh_familiar_temple

Skill      XL: |  1  2  3  4  5  6 |
---------------+-------------------+-----
Dodging        | 3 4 |  4.7
Transmutations | 2 3 4 |  4.0
Spellcasting   | 3 4 |  4.3
Earth Magic    | 3 |  3.8
Fighting       | 1 |  1.4
Stealth        | 4 5 |  5.4
Conjurations   | 1 |  1.3

Action                     |  1- 3 |  4- 6 || total
---------------------------+-------+-------++-------
  Melee: Dagger            |       |     7 ||     7
         Punch             |       |     1 ||     1
   Cast: Sandblast         |    63 |   105 ||   168
         Stone Arrow       |       |     2 ||     2
    Use: Potion            |       |     5 ||     5
   Stab: Sleeping          |       |     3 ||     3
 Armour: Robe              |     3 |     4 ||     7
  Dodge: Dodged            |    12 |    32 ||    44
